 Dungeon Crawl Stone Soup version 0.30-a0-996-ga6910c8ee8 (webtiles) character file.

Game seed: 164086784206918222

128 arthad the Prestidigitator (level 5, -9/40 HPs)
             Began as a Gnoll Wanderer on Apr 5, 2023.
             Mangled by a sleepcap (11 damage)
             ... on level 3 of the Dungeon.
             The game lasted 00:05:43 (1505 turns).

arthad the Prestidigitator (Gnoll Wanderer)         Turns: 1505, Time: 00:05:44

Health: -9/40      AC:  9    Str: 10    XL:     5   Next: 12%
Magic:  7/7        EV:  2    Int:  7    God:
Gold:   100        SH:  0    Dex: 19    Spells: 6/6 levels left

rFire   . . .      SeeInvis .    a - +0 sling
rCold   + . .      Faith    .    (no shield)
rNeg    . . .      Spirit   .    c - +0 scale mail
rPois   .          Reflect  .    (no helmet)
rElec   .          Rampage  .    (no cloak)
rCorr   .                        p - +0 pair of gloves
Will    .....                    (no boots)
Stlth   +                        (no amulet)
HPRegen 0.26/turn                i - ring of protection from cold
MPRegen 0.10/turn                (no ring)

@: sleeping
A: fangs 1, strong nose, distributed training
a: no special abilities


You were on level 3 of the Dungeon.
You visited 1 branch of the dungeon, and saw 3 of its levels.

You collected 100 gold pieces.

Inventory:

Hand Weapons
 a - a +0 sling (weapon)
Armour
 c - a +0 scale mail (worn)
 n - an orb of guile
 p - a +0 pair of gloves (worn)
Jewellery
 i - a ring of protection from cold (left hand)
 j - the amulet "Nuqiki" {Acrobat rF- rN+++ rCorr Int+4}
   (You found it on level 2 of the Dungeon)

   [amulet of the acrobat]

   It increases your evasion while moving and waiting.
   Int:       It affects your intelligence (+4).
   rF:        It makes you vulnerable to fire.
   rN:        It renders you almost immune to negative energy.
   rCorr:     It protects you from acid and corrosion.
Wands
 b - a wand of mindburst (2) (quivered)
Scrolls
 d - 2 scrolls of fear
 e - 3 scrolls of identify {unknown}
 f - 2 scrolls of teleportation {unknown}
 g - 2 scrolls of poison {unknown}
 k - a scroll of enchant weapon {unknown}
Potions
 h - a potion of curing {unknown}
 l - a potion of invisibility {unknown}
 m - a potion of attraction {unknown}
 o - a potion of degeneration {unknown}


   Skills:
 + Level 2.9 Fighting
 + Level 1.4 Short Blades
 + Level 1.4 Long Blades
 + Level 1.4 Axes
 + Level 1.4 Maces & Flails
 + Level 1.4 Polearms
 + Level 1.4 Staves
 + Level 2.9 Ranged Weapons
 + Level 1.4 Throwing
 + Level 6.7 Armour
 + Level 2.9 Dodging
 + Level 1.4 Stealth
 + Level 1.4 Shields
 + Level 1.4 Unarmed Combat
 + Level 1.4 Spellcasting
 + Level 1.1 Conjurations
 + Level 1.1 Hexes
 + Level 1.1 Summonings
 + Level 1.1 Necromancy
 + Level 1.1 Translocations
 + Level 1.1 Transmutations
 + Level 1.1 Fire Magic
 + Level 1.1 Ice Magic
 + Level 1.1 Air Magic
 + Level 1.1 Earth Magic
 + Level 1.1 Poison Magic
 + Level 1.6 Invocations
 + Level 8.6 Evocations


You had 6 spell levels left.
You didn't know any spells.
Your spell library was empty.

Dungeon Overview and Level Annotations

Branches:
Dungeon (3/15)

Altars:
Makhleb


Innate Abilities, Weirdness & Mutations

You have very sharp teeth.
Your uncanny sense of smell can sniff out nearby items.
Your experience applies equally to all skills.


Message History

You shoot a sling bullet. The sling bullet hits the worm.
The worm is severely wounded.
The worm bites you.
* * * LOW HITPOINT WARNING * * *
You are too injured to fight recklessly!
Aiming: Mindburst
Press: ? - help, Q - select action, (/) - cycle Shift-Dir - straight line, f - worm, p - sleepcap
Aim: a worm (heavily wounded, chance to affect: 92%)
The worm's mind is blasted!
You blow up the worm!
Aiming: Mindburst
Press: ? - help, Q - select action, (/) - cycle Shift-Dir - straight line, f - you That would be overly suicidal.
Okay, then.
Unknown command.
Fire: a) +0 sling
Press: ? - help, Shift-Dir - straight line, f - sleepcap
Aim: a sleepcap (severely damaged, 98% to hit)
You shoot a sling bullet.
The sling bullet hits the sleepcap but does no damage.
The sleepcap is severely damaged.
The sleepcap releases spores at you but does no damage.
Fire: a) +0 sling
Press: ? - help, Shift-Dir - straight line, f/p - sleepcap
Aim: a sleepcap (severely damaged, 98% to hit)
You shoot a sling bullet.
The sling bullet hits the sleepcap but does no damage.
The sleepcap is severely damaged.
The sleepcap releases spores at you but does no damage. x2
Fire: a) +0 sling
Press: ? - help, Shift-Dir - straight line, f/p - sleepcap
Aim: a sleepcap (severely damaged, 98% to hit)
You shoot a sling bullet. The sling bullet hits the sleepcap.
The sleepcap is almost destroyed.
The sleepcap releases spores at you.
* * * LOW HITPOINT WARNING * * *
You are engulfed in a cloud of soporific spores!
You fall asleep.
The sleepcap releases spores at you!
You die...

########## .........#
######## ###.##.#.# #......#
∆ #.#.##.#.###.####.##
#..##.......# #...#
##.####.##### #...# ##.###.#
#@..# ##....# ##f## #.######
#####..## ##.#.....#
#.......######.(
.#.##.....##..#####.........
.............. #..........
..##........#. #...#.......
.. #......#.# .(..##.##.#..
.. #.###### # #$.$# .# # .


You could see a sleepcap.

Vanquished Creatures
  4 gnolls (D:2)
  3 adders (D:2)
  2 worms (D:3)
  6 ball pythons
  7 endoplasms
  3 giant cockroaches
  6 goblins
  7 hobgoblins
  2 quokkas
  9 bats
  3 frilled lizards
  3 kobolds
  4 rats
59 creatures vanquished.

Notes
Turn   | Place    | Note
-------+----------+-------------------------------------------
     0 | D:1      | arthad the Gnoll Wanderer began the quest for the Orb.
     0 | D:1      | arthad set off with the following items: a +0 sling, a wand
                  | of mindburst (11), a +0 scale mail, a scroll of fear.
     0 | D:1      | Reached XP level 1. HP: 17/17 MP: 1/1
    39 | D:1      | Reached XP level 2. HP: 23/23 MP: 2/2
   206 | D:1      | Reached XP level 3. HP: 28/28 MP: 3/3
   378 | D:1      | Reached skill level 1 in Invocations
   461 | D:2      | Found a burning altar of Makhleb.
   583 | D:2      | Reached skill level 1 in Short Blades
   583 | D:2      | Reached skill level 1 in Long Blades
   583 | D:2      | Reached skill level 1 in Axes
   583 | D:2      | Reached skill level 1 in Maces & Flails
   583 | D:2      | Reached skill level 1 in Polearms
   583 | D:2      | Reached skill level 1 in Staves
   583 | D:2      | Reached skill level 1 in Throwing
   583 | D:2      | Reached skill level 1 in Stealth
   583 | D:2      | Reached skill level 1 in Shields
   583 | D:2      | Reached skill level 1 in Unarmed Combat
   583 | D:2      | Reached skill level 1 in Spellcasting
   612 | D:2      | Reached XP level 4. HP: 6/34 MP: 5/5
   622 | D:2      | Reached skill level 1 in Conjurations
   622 | D:2      | Reached skill level 1 in Hexes
   622 | D:2      | Reached skill level 1 in Summonings
   622 | D:2      | Reached skill level 1 in Necromancy
   622 | D:2      | Reached skill level 1 in Translocations
   622 | D:2      | Reached skill level 1 in Transmutations
   622 | D:2      | Reached skill level 1 in Fire Magic
   622 | D:2      | Reached skill level 1 in Ice Magic
   622 | D:2      | Reached skill level 1 in Air Magic
   622 | D:2      | Reached skill level 1 in Earth Magic
   622 | D:2      | Reached skill level 1 in Poison Magic
   858 | D:2      | Identified the amulet "Nuqiki" {Acrobat rF- rN+++ rCorr
                  | Int+4}
  1120 | D:2      | Reached XP level 5. HP: 40/40 MP: 7/7
  1504 | D:3      | HP: 1/40 [sleepcap (5)]
  1505 | D:3      | Mangled by a sleepcap

Illustrated notes

Levels and vault maps discovered:
D:1:      scummos_arrival_simple_fountains, layout_rooms
D:2:      layout_rooms, basic_altar
D:3:      layout_loops_cross, serial_shops,
          nicolae_shop_temple_entry_statues_fountains, minmay_circle_x

Skill      XL: |  1  2  3  4 |
---------------+-------------+-----
Invocations    | 1 |  1.6
Short Blades   | 1 |  1.4
Long Blades    | 1 |  1.4
Axes           | 1 |  1.4
Maces & Flails | 1 |  1.4
Polearms       | 1 |  1.4
Staves         | 1 |  1.4
Throwing       | 1 |  1.4
Stealth        | 1 |  1.4
Shields        | 1 |  1.4
Unarmed Combat | 1 |  1.4
Spellcasting   | 1 |  1.4
Conjurations   | 1 |  1.1
Hexes          | 1 |  1.1
Summonings     | 1 |  1.1
Necromancy     | 1 |  1.1
Translocations | 1 |  1.1
Transmutations | 1 |  1.1
Fire Magic     | 1 |  1.1
Ice Magic      | 1 |  1.1
Air Magic      | 1 |  1.1
Earth Magic    | 1 |  1.1
Poison Magic   | 1 |  1.1
Fighting       | |  2.9
Ranged Weapons | |  2.9
Armour         | |  6.7
Dodging        | |  2.9
Evocations     | |  8.6

Action                     |  1- 3 |  4- 6 || total
---------------------------+-------+-------++-------
   Fire: Sling             |   115 |    82 ||   197
  Evoke: Wand              |     3 |     6 ||     9
 Armour: Scale mail        |    33 |    29 ||    62
  Dodge: Dodged            |    56 |    40 ||    96

Table legend: (Time is in decaauts)
 A = Elapsed time spent in this place.
 B = Non-inter-level travel time spent in this place.
 C = Inter-level travel time spent in this place.
 D = Time resting spent in this place.
 E = Time spent auto-exploring this place.
 F = Levels seen in this place.
 G = Mean time per level.
                   A        B        C        D        E       F      G
               +--------+--------+--------+--------+--------+-----+--------+
         Total |   1608 |   1504 |    104 |      0 |   1093 |   3 |  536.0 |
       Dungeon |   1608 |   1504 |    104 |      0 |   1093 |   3 |  536.0 |
               +--------+--------+--------+--------+--------+-----+--------+

Top non-repeatable levels by time:
     D:2: 987 daAuts
     D:1: 510 daAuts
     D:3: 109 daAuts
